 Dungeon Crawl Stone Soup version 0.28-a0-1038-g9c4cb8273d (webtiles) character file.

Game seed: 13505451670174217776

80855 Analysis the Bludgeoner (level 15, 0/111 HPs)
             Began as a Gargoyle Berserker on Dec 8, 2021.
             Was the Champion of Trog.
             Slain by a spriggan rider (17 damage)
             ... on level 6 of the Lair of Beasts on Dec 9, 2021.
             The game lasted 03:05:57 (24869 turns).

Analysis the Bludgeoner (Gargoyle Berserker)       Turns: 24869, Time: 03:05:57

Health: 0/111      AC: 25    Str: 28    XL:     15   Next: 68%
Magic:  5/5        EV: 11    Int:  8    God:    Trog [******]
Gold:   2510       SH:  0    Dex:  9    Spells: 14/14 levels left

rFire   . . .      SeeInvis +   R - +1 great mace (antimagic)
rCold   . . .      Faith    .   (shield currently unavailable)
rNeg    + + .      Spirit   .   c - +2 ring mail {rN+}
rPois   ∞          Reflect  .   H - +0 helmet
rElec   +          Harm     .   p - scarf {repulsion}
rCorr   .          Rampage  .   q - +0 pair of gloves
Will    ++...                   D - +1 pair of boots
Stlth   ..........              x - amulet of regeneration
HPRegen 1.08/turn               w - ring of willpower
MPRegen 0.09/turn               L - ring of see invisible

@: flying, hasted, repel missiles, very quick
A: sickness immunity, AC +11, big wings, negative energy resistance 1,
electricity resistance, torment resistance 1, petrification resistance
a: Renounce Religion, Berserk, Trog's Hand, Brothers in Arms


You were on level 6 of the Lair of Beasts.
You worshipped Trog.
Trog was exalted by your worship.
You visited 4 branches of the dungeon, and saw 21 of its levels.
You also visited: Bailey and Gauntlet.

You collected 2510 gold pieces.

Inventory:

Hand Weapons
 R - a +1 antimagic great mace (weapon)
 U - a +2 demon whip of flaming
Armour
 c - a +2 ring mail of positive energy (worn)
 p - a scarf of repulsion (worn)
 q - a +0 pair of gloves (worn)
 D - a +1 pair of boots (worn)
 H - a +0 helmet (worn)
Jewellery
 w - a ring of willpower (left hand)
 x - an amulet of regeneration (around neck)
 L - a ring of see invisible (right hand)
 S - a ring of fire
Wands
 i - a wand of iceblast (11)
 j - a wand of polymorph (23)
 s - a wand of flame (37)
 G - a wand of paralysis (4)
 Q - a wand of mindburst (5)
Scrolls
 a - a scroll of enchant armour {unknown}
 g - a scroll of brand weapon {unknown}
 k - 2 scrolls of immolation {unknown}
 l - 3 scrolls of blinking {unknown}
 r - a scroll of magic mapping
 v - 4 scrolls of fog
 y - 2 scrolls of enchant weapon {unknown}
 z - 3 scrolls of fear {unknown}
 C - a scroll of silence {unknown}
 E - 2 scrolls of amnesia {unknown}
 I - 2 scrolls of summoning
 K - 2 scrolls of teleportation
 M - a scroll of torment {unknown}
 N - a scroll of noise {unknown}
 T - 2 scrolls of identify
Potions
 b - 2 potions of heal wounds
 d - 5 potions of curing
 e - 6 potions of attraction
 f - a potion of ambrosia
 h - 3 potions of lignification
 m - 2 potions of invisibility
 n - 2 potions of flight {unknown}
 o - 4 potions of magic
 t - 2 potions of haste
 u - 2 potions of might
 F - a potion of degeneration {unknown}
 J - 2 potions of resistance {unknown}
 O - a potion of berserk rage {unknown}
 P - 4 potions of mutation {unknown}


   Skills:
 + Level 19.0 Fighting
 - Level 20.0 Maces & Flails
 - Level 8.0 Armour
 - Level 1.5 Dodging


You had 14 spell levels left.
You didn't know any spells.
Your spell library was empty.

Dungeon Overview and Level Annotations

Branches:
Dungeon (13/15)            Temple (1/1) D:6            Lair (6/6) D:8
  Swamp (0/4) Lair:2        Snake (0/4) Lair:3        Slime (0/5) Lair:5
    Orc (1/2) D:12         Vaults (0/5) D:13         Bailey (visited)
Gauntlet (visited)

Altars:
Ashenzari
Cheibriados
Dithmenos
Elyvilon
Fedhas
Gozag
Hepliaklqana
Kikubaaqudgha
Makhleb
Nemelex Xobeh
Okawaru
Qazlal
Ru
Sif Muna
Trog
Uskayaw
Vehumet
Wu Jian
Xom
Yredelemnul
Zin
The Shining One

Annotations:
D:4 1 runed translucent door, Decritt's ghost, amateur MiMo
Orc:1 Gastronok


Innate Abilities, Weirdness & Mutations

You are immune to sickness and miasma.
Your stone body is resilient. (AC +11)
You are immune to poison.
Your large and strong wings let you fly.
You resist negative energy. (rN+)
You are resistant to electric shocks. (rElec)
You are resistant to unholy torment.
You are immune to petrification.


Message History

You hit the spriggan rider.
The spriggan rider is lightly wounded.
Your deep troll bites the death yak!
Your deep troll claws the death yak!
Your deep troll barely misses the death yak.
The spriggan rider hits you with a +0 spear!
* * * LOW HITPOINT WARNING * * *
The death yak gores your deep troll.
You bludgeon the spriggan rider!!
The spriggan rider is heavily wounded.
Your deep troll barely misses the death yak.
Your deep troll claws the death yak but does no damage.
Your deep troll claws the death yak.
The spriggan rider hits you with a +0 spear.
* * * LOW HITPOINT WARNING * * *
The death yak gores your deep troll!!
You barely miss the spriggan rider.
The spriggan rider is heavily wounded.
Your deep troll bites the death yak!!
Your deep troll claws the death yak.
The death yak dies!
Trog accepts your kill.
The spriggan rider hits you but does no damage.
Your deep troll bites the death yak!!
Your deep troll claws the death yak!
Your deep troll claws the death yak!!
The death yak gores your deep troll!!
Your deep troll barely misses the death yak. x2
Your deep troll claws the death yak but does no damage.
The spriggan rider hits you but does no damage.
Your deep troll bites the death yak!!
The death yak dies!
Trog accepts your kill.
Your Fighting skill increases to level 19!
Your deep troll bites the death yak!!
Your deep troll barely misses the death yak.
Your deep troll claws the death yak!!
Your deep troll bites the death yak!!
The death yak dies!
Trog accepts your kill.
The spriggan rider hits you from afar with a +0 spear!
* * * LOW HITPOINT WARNING * * *
You feel yourself speed up.
The spriggan rider hits you from afar with a +0 spear!
You die...

#..P####..#.### #≈.....
#...###....## ##≈≈.≈≈≈
#...##.#..### ##≈≈≈≈≈.≈
#..###..)††.###P.P≈≈..≈
#..........).....♣.....
#................♣..♣..
#...........#.#.♣♣[♣♣♣♣
#............####♣♣.♣.[
#.....@Yi.T...#.♣♣♣♣..♣
#................P.#...
#......................
#......................
#....P#.....#.†#.......
#....##................
#.....................†
#.....................≈
#............#.......≈≈


You could see a death yak, a spriggan rider (ally target) and a friendly deep
troll (summoned, berserk).

Vanquished Creatures
  2 vault guards (D:13)
  10 hydras
  3 boulder beetles
  4 centaur warriors (D:13)
  5 two-headed ogres
  A tengu warrior (D:13)
  10 death yaks
  5 skeletal warriors
  A deep elf knight (D:13)
  3 bog bodies (Lair:2)
  2 orc knights
  4 necromancers (D:13)
  3 cyclopes
  4 ugly things (D:13)
  9 elephants (Lair:3)
  Joseph (D:7)
  4 black mambas
  A guardian serpent (shapeshifter) (D:13)
  A black mamba (shapeshifter) (D:13)
  2 gargoyles (D:13)
  Maggie (D:9)
  11 cane toads
  8 rime drakes
  An unseen horror (D:10)
  13 komodo dragons
  3 kobold demonologists (D:11)
  10 trolls
  A meliai (D:13)
  A meliai (shapeshifter) (D:13)
  6 polar bears
  3 hornets
  7 blink frogs (Lair:6)
  5 slime creatures
  Grinder (D:5)
  Prince Ribbit (D:5)
  8 dream sheep
  3 spriggans (Lair:6)
  4 shadows
  50 yaks
  A vampire (D:12)
  17 humans (D:13)
  A basilisk (shapeshifter) (D:13)
  4 wyverns
  2 basilisks
  A steam dragon (Lair:6)
  A vampire mosquito (D:13)
  3 nagas (Lair:3)
  2 two-headed ogre zombies (D:12)
  A warg (Orc:1)
  2 swamp worms (Lair:2)
  An acid dragon (D:11)
  27 water moccasins
  7 orc warriors
  A sky beast (D:6)
  2 swamp drakes (Lair:6)
  A hornet zombie (D:6)
  A necrophage (D:6)
  2 black bears
  6 ogres
  28 wolves
  6 centaurs
  3 phantoms
  7 bullfrogs
  4 kobold brigands
  A wyvern zombie (D:9)
  2 scorpions
  4 earth elementals (D:10)
  A troll zombie (D:12)
  A water moccasin skeleton (D:5)
  5 killer bees (D:7)
  7 electric eels
  11 howler monkeys
  4 wights (D:7)
  2 centaur zombies
  2 bullfrog zombies
  9 orc priests
  Crazy Yiuf (D:2)
  2 hounds
  6 jellies
  A centaur skeleton (D:7)
  A bullfrog skeleton (D:5)
  2 iguanas
  7 orc wizards
  A killer bee zombie (D:9)
  5 ogre zombies (D:12)
  A howler monkey zombie (D:11)
  2 gnolls (Bailey)
  A howler monkey skeleton (D:5)
  7 adders
  A shadow imp (D:7)
  An ufetubus (D:5)
  3 worms (D:2)
  A dart slug (D:5)
  35 orcs
  4 ball pythons
  5 endoplasms
  4 giant cockroaches
  14 goblins
  4 hobgoblins
  3 jackals (D:1)
  3 quokkas (D:3)
  2 bats
  2 frilled lizards
  A goblin skeleton (D:12)
  A goblin zombie (D:12)
  A hobgoblin skeleton (D:12)
  24 kobolds
  2 orc skeletons (D:12)
  19 orc zombies (D:12)
  6 rats
  A rat zombie (D:3)
566 creatures vanquished.

Vanquished Creatures (collateral kills)
  4 death yaks
4 creatures vanquished.

Vanquished Creatures (others)
  A howler monkey (D:13)
  An orc wizard (D:6)
  31 fungi
  69 plants
102 creatures vanquished.

Grand Total: 672 creatures vanquished

Notes
Turn   | Place    | Note
-------+----------+-------------------------------------------
     0 | D:1      | Analysis the Gargoyle Berserker began the quest for the
                  | Orb.
     0 | D:1      | Reached XP level 1. HP: 14/14 MP: 1/1
   613 | D:1      | Reached XP level 2. HP: 19/19 MP: 2/2
  1259 | D:2      | Reached XP level 3. HP: 24/24 MP: 3/3
  1282 | D:2      | Reached ** piety under Trog
  1401 | D:2      | Found a stormy altar of Qazlal.
  2067 | D:2      | Reached skill level 4 in Maces & Flails
  2067 | D:2      | Reached XP level 4. HP: 29/29 MP: 4/4
  2143 | D:2      | Found a runed translucent door.
  2144 | D:2      | Noticed Crazy Yiuf
  3710 | D:4      | Noticed a phantom
  3852 | D:3      | Found an ancient bone altar of Kikubaaqudgha.
  3935 | D:3      | Reached XP level 5. HP: 33/33 MP: 5/5
  4042 | D:4      | Reached skill level 5 in Maces & Flails
  4042 | D:4      | Reached XP level 6. HP: 39/39 MP: 6/6
  4255 | D:4      | You fall into a shaft and drop 1 floor!
  4255 | D:5      | Entered Level 5 of the Dungeon
  4307 | D:5      | Noticed Prince Ribbit
  4326 | D:5      | Killed Prince Ribbit
  4327 | D:5      | Reached skill level 5 in Fighting
  4407 | D:5      | Reached XP level 7. HP: 38/44 MP: 7/7
  4521 | D:5      | Noticed Grinder
  4565 | D:4      | Reached skill level 6 in Maces & Flails
  4758 | D:4      | Found a runed translucent door.
  4762 | D:4      | Noticed Decritt's ghost (amateur MiMo)
  5027 | D:6      | Found a staircase to the Ecumenical Temple.
  5055 | Temple   | Entered the Ecumenical Temple
  5478 | D:6      | Reached skill level 5 in Armour
  5717 | D:6      | Reached XP level 8. HP: 48/51 MP: 8/8
  5954 | D:5      | Reached skill level 7 in Maces & Flails
  6188 | D:5      | Killed Grinder
  6298 | D:5      | Noticed a troll
  6299 | D:5      | Noticed a shadow
  6318 | D:5      | Killed a troll
  6319 | D:5      | Reached skill level 8 in Maces & Flails
  6397 | D:6      | Identified the +7 trident of Destruction {vorpal, rF+}
  7031 | D:5      | Reached skill level 9 in Maces & Flails
  7031 | D:5      | Reached XP level 9. HP: 51/57 MP: 9/9
  8036 | D:7      | Reached *** piety under Trog
  8060 | D:7      | Reached skill level 10 in Maces & Flails
  9248 | D:7      | Noticed Joseph
  9279 | D:7      | Killed Joseph
  9280 | D:7      | Reached skill level 11 in Maces & Flails
  9280 | D:7      | Reached XP level 10. HP: 66/66 MP: 10/10
  9673 | D:8      | Reached skill level 12 in Maces & Flails
  9818 | D:7      | Reached skill level 10 in Fighting
  9859 | D:7      | Reached **** piety under Trog
  9924 | D:7      | Reached skill level 13 in Maces & Flails
  9957 | D:7      | Reached XP level 11. HP: 70/73 MP: 11/11
 10041 | D:8      | Found a staircase to the Lair.
 11007 | D:9      | Noticed Maggie
 11325 | D:9      | Killed Maggie
 11623 | D:10     | Entered Level 10 of the Dungeon
 11683 | D:10     | Noticed a two-headed ogre
 11744 | Lair:1   | Entered Level 1 of the Lair of Beasts
 12021 | Lair:1   | Reached skill level 14 in Maces & Flails
 12069 | Lair:1   | Found the +8 whip "Snakebite" {venom, curare, rPois}
 12493 | Lair:1   | Noticed a four-headed hydra
 13006 | D:2      | Killed Crazy Yiuf
 13257 | Lair:1   | Killed a four-headed hydra
 13258 | Lair:1   | Reached skill level 15 in Maces & Flails
 13344 | Lair:1   | Reached XP level 12. HP: 78/81 MP: 12/12
 13583 | Lair:1   | Noticed a four-headed hydra
 13600 | Lair:1   | Killed a four-headed hydra
 14154 | Lair:2   | Noticed an eight-headed hydra
 14469 | Lair:2   | Killed an eight-headed hydra
 14517 | Lair:2   | Reached ***** piety under Trog
 14571 | Lair:2   | Reached skill level 16 in Maces & Flails
 14608 | Lair:2   | Found a staircase to the Swamp.
 15084 | Lair:3   | Noticed a seven-headed hydra
 15217 | D:9      | Killed a two-headed ogre
 15416 | D:10     | Noticed a two-headed ogre
 15462 | D:10     | Killed a two-headed ogre
 15609 | D:10     | Noticed a two-headed ogre
 15646 | D:10     | Killed a two-headed ogre
 16462 | D:11     | Reached XP level 13. HP: 90/90 MP: 13/13
 17028 | D:11     | Reached skill level 15 in Fighting
 17802 | D:12     | Found a gate leading to a gauntlet.
 17917 | Gauntlet | Entered a Gauntlet
 17917 | Gauntlet | Found a transporter.
 17935 | Gauntlet | Found a transporter.
 17939 | Gauntlet | Found a transporter.
 17948 | Gauntlet | Found a transporter.
 17951 | Gauntlet | Found a transporter.
 17959 | Gauntlet | Found a transporter.
 17963 | Gauntlet | Found a transporter.
 17969 | Gauntlet | Found a transporter.
 17976 | Gauntlet | Found a transporter.
 17980 | Gauntlet | Found a transporter.
 17984 | Gauntlet | Found a runed translucent door.
 17984 | Gauntlet | Found a runed translucent door.
 17985 | Gauntlet | Found a transporter.
 17991 | Gauntlet | Found a transporter.
 17991 | Gauntlet | Noticed a green death
 18045 | Gauntlet | Found a transporter.
 18080 | Gauntlet | Found a transporter.
 18341 | D:12     | Found a staircase to the Orcish Mines.
 18405 | D:12     | Received a gift from Trog
 18650 | Orc:1    | Entered Level 1 of the Orcish Mines
 18986 | Orc:1    | Noticed Gastronok
 19305 | D:13     | Found a gate to the Vaults.
 19305 | D:13     | Noticed a vault guard
 19305 | D:13     | Noticed a vault guard
 19418 | D:13     | Received a gift from Trog
 19456 | D:13     | Found a flagged portal.
 19480 | Bailey   | Entered a bailey
 19635 | Bailey   | Reached skill level 17 in Maces & Flails
 19636 | Bailey   | Gained mutation: Your large and strong wings let you fly.
                  | [Gargoyle growth]
 19636 | Bailey   | Reached XP level 14. HP: 71/100 MP: 4/14
 19639 | Bailey   | Found an iron altar of Okawaru.
 20524 | D:13     | Reached skill level 18 in Maces & Flails
 20550 | D:13     | Noticed a storm dragon
 21124 | Lair:3   | Received a gift from Trog
 21276 | Lair:3   | HP: 2/103 [seven-headed hydra (10)]
 21380 | Lair:3   | Found a staircase to the Snake Pit.
 21893 | Lair:4   | Reached ****** piety under Trog
 22141 | Lair:4   | Reached XP level 15. HP: 101/108 MP: 5/15
 22148 | Lair:4   | Reached skill level 19 in Maces & Flails
 22637 | Lair:4   | You are sucked into a shaft and drop 1 floor!
 23582 | Lair:5   | Found a staircase to the Slime Pits.
 23812 | Lair:6   | Entered Level 6 of the Lair of Beasts
 24123 | Lair:6   | Received a gift from Trog
 24497 | Lair:6   | Reached skill level 20 in Maces & Flails
 24869 | Lair:6   | Slain by a spriggan rider

Illustrated notes

Levels and vault maps discovered:
D:1:      roderic_chinese_lattice_arrival, layout_loops_ring
D:2:      layout_rooms, basic_altar, chequers_serial_rivers_small_3,
          uniq_crazy_yiuf_cottage
D:3:      layout_rooms, lemuel_zombie_altar_kikubaaqudgha
D:4:      layout_rooms, ebering_ghost_reflecting_pool
D:5:      layout_loops_ring, kennysheep_path_1, minmay_small_thing,
          uniq_grinder, uniq_prince_ribbit1
D:6:      layout_loops_cross, minmay_temple_entry_trees, minivault_5
D:7:      layout_basic, uniq_joseph
D:8:      layout_rooms, minmay_lair_entry_grove
D:9:      layout_roguey, uniq_maggie
D:10:     layout_roguey, corexii_hall_statues_l, grunt_ministairs_15,
          hangedman_decor_growths
D:11:     minmay_stone_box, layout_loops_cross
D:12:     layout_roguey, zombieorc2_lemuel, gauntlet_entry_generic
D:13:     minmay_nested_s, layout_rooms, grunt_vaults_entry_tiered,
          enter_bailey_5
Temple:   mainiacjoe_temple_trianglar_array
Lair:1:   minmay_guarded_unrand_snakebite, layout_long_grid,
          serial_bayou_lake_a, grunt_megastairs_1, infiniplex_staircase_pool_2
Lair:2:   layout_roguey, nicolae_swamp_entry_splash_gauntlet
Lair:3:   layout_roguey, minmay_snake_entry_guardpost_small, serial_bayou,
          serial_bayou_pond_c, serial_bayou_pond_d, serial_bayou_pond_d,
          serial_bayou_pond_c
Lair:4:   layout_regular_city, serial_bayou_lagoon_b, grunt_megastairs_2
Lair:5:   layout_regular_city, minmay_slime_entry_pillars, serial_bayou_shore_b
Lair:6:   minmay_lair_end_enchanted_forest, layout_long_grid,
          guppyfry_lair_drakes, grunt_megastairs_4, lemuel_fruit_fields,
          infiniplex_staircase_pool
Orc:1:    layout_diamond_mine, nicolae_orc_lost_temple, uniq_sonja,
          uniq_gastronok

Skill      XL: |  1  2  3  4  5  6  7  8  9 10 11 12 13 14 15 |
---------------+----------------------------------------------+-----
Maces & Flails | 4 5 6 9 11 13 15 16 17 18 20 | 20.0
Armour         | 3 4 5 8 |  8.0
Fighting       | 4 5 7 9 10 12 14 16 17 19 | 19.0
Dodging        | |  1.5

Action                   |  1- 3 |  4- 6 |  7- 9 | 10-12 | 13-15 || total
-------------------------+-------+-------+-------+-------+-------++-------
Melee: Mace              |   110 |   120 |    26 |       |       ||   256
       Flail             |       |       |   347 |    62 |       ||   409
       Unarmed           |       |       |     5 |       |       ||     5
       Morningstar       |       |       |       |   563 |   316 ||   879
       Whip              |       |       |       |   133 |     8 ||   141
       Great mace        |       |       |       |       |  1051 ||  1051
Throw: Throwing net      |       |       |     1 |       |       ||     1
Invok: Berserk           |       |     1 |     3 |     5 |     2 ||    11
       Brothers in Arms  |       |       |       |       |     2 ||     2
Evoke: Wand              |       |     1 |    10 |     7 |    13 ||    31
  Use: Scroll            |       |       |     7 |     6 |     4 ||    17
       Potion            |       |       |       |       |     5 ||     5
 Stab: Paralysed         |       |     8 |    22 |       |       ||    30
       Held in net/web   |       |       |     1 |       |       ||     1
Armor: Animal skin       |    12 |       |       |       |       ||    12
       Ring mail         |    31 |    50 |   144 |   315 |   837 ||  1377
Dodge: Dodged            |    53 |    50 |   230 |   306 |   749 ||  1388
       Repelled          |       |       |       |     8 |    11 ||    19

Table legend: (Time is in decaauts)
 A = Elapsed time spent in this place.
 B = Non-inter-level travel time spent in this place.
 C = Inter-level travel time spent in this place.
 D = Time resting spent in this place.
 E = Time spent auto-exploring this place.
 F = Levels seen in this place.
 G = Mean time per level.
                   A        B        C        D        E       F      G
               +--------+--------+--------+--------+--------+-----+--------+
         Total |  24547 |  23258 |   1289 |   5170 |   8680 |  23 | 1067.3 |
       Dungeon |  16705 |  15677 |   1028 |   4008 |   5152 |  13 | 1285.0 |
        Temple |    374 |    374 |      0 |      0 |    372 |   1 |  374.0 |
          Lair |   6615 |   6355 |    260 |   1098 |   2991 |   6 | 1102.5 |
  Orcish Mines |    369 |    369 |      0 |     64 |    165 |   1 |  369.0 |
        Bailey |    195 |    195 |      0 |      0 |      0 |   1 |  195.0 |
      Gauntlet |    287 |    287 |      0 |      0 |      0 |   1 |  287.0 |
               +--------+--------+--------+--------+--------+-----+--------+

Top non-repeatable levels by time:
     D:7: 2113 daAuts
     D:6: 1931 daAuts
     D:2: 1507 daAuts
  Lair:1: 1476 daAuts
     D:9: 1390 daAuts
    D:11: 1335 daAuts
     D:5: 1259 daAuts
     D:1: 1252 daAuts
    D:13: 1235 daAuts
    D:10: 1163 daAuts
     D:3: 1163 daAuts
  Lair:2: 1143 daAuts
  Lair:4: 1142 daAuts
  Lair:3: 1102 daAuts
  Lair:6: 952 daAuts
